 Dungeon Crawl Stone Soup version 0.16.1-7-g2c6721e (webtiles) character file.

39 Chiseanne the Magician (level 3, -1/24 HPs)
             Began as a Mummy Wizard on Mar 30, 2015.
             Slain by an orc wizard
             ... wielding a +0 dagger of venom
              (4 damage)
             ... on level 2 of the Dungeon.
             The game lasted 00:03:16 (1846 turns).

Chiseanne the Magician (Mummy Wizard)               Turns: 1846, Time: 00:03:16

Health: -1/24      AC:  3    Str: 10    XL:     3   Next: 26%
Magic:  1/9        EV:  6    Int: 18    God:
Gold:   30         SH:  9    Dex: 10    Spells: 5 memorised, 0 levels left

rFire  x . .     SeeInvis .     d - +0 short sword
rCold  + . .     Clarity  .     g - +0 leather armour
rNeg   + + +     SustAb   .     f - +0 large shield (curse)
rPois  ∞         Gourm    .     b - +0 hat
rElec  .         Spirit   .     (no cloak)
rCorr  .         Warding  .     (no gloves)
rMut   .         Stasis   .     (no boots)
MR     .....                    (no amulet)
Stlth  ..........               (no ring)
                                e - ring of loudness (curse)

@: repel missiles, not resistant to hostile enchantments, extremely unstealthy
A: no food or potions, fire vulnerability, restore body, cold resistance 1,
negative energy resistance 3, poison resistance, torment resistance, unbreathing
a: no special abilities


You were on level 2 of the Dungeon.
You were not hungry.

You visited 1 branch of the dungeon, and saw 2 of its levels.

You collected 30 gold pieces.

Inventory:

Hand weapons
 d - a +0 short sword (weapon)
Missiles
 a - 4 steel tomahawks (quivered)
Armour
 b - a +0 hat (worn)
 f - a cursed +0 large shield (worn)
 g - a +0 leather armour (worn)
Jewellery
 e - a cursed ring of loudness (left hand)
Books
 c - a book of Minor Magic

   Spells                             Type                      Level
   a - Magic Dart                     Conjuration                  1
   b - Blink                          Translocation                2
   c - Call Imp                       Summoning                    2
   d - Repel Missiles                 Charms/Air                   2
   e - Slow                           Hexes                        2
   f - Conjure Flame                  Conjuration/Fire             3
   g - Mephitic Cloud                 Conjuration/Poison/Air       3


   Skills:
 - Level 1.5 Dodging
 - Level 1.5 Stealth
 * Level 4.0 Spellcasting
 * Level 1.1 Conjurations
 - Level 0.7 Summonings
 - Level 0.7 Translocations


You couldn't memorise any spells.
You knew the following spells:

 Your Spells              Type           Power        Failure   Level  Hunger
a - Magic Dart            Conj           #...         100%        1    N/A
b - Blink                 Tloc           N/A          100%        2    N/A
c - Repel Missiles        Chrm/Air       #.....       100%        2    N/A
d - Call Imp              Summ           #.......     100%        2    N/A
e - Conjure Flame         Conj/Fire      #.......     100%        3    N/A

Dungeon Overview and Level Annotations

Branches:
Dungeon (2/15)

Altars:
Ru


Innate Abilities, Weirdness & Mutations

You do not eat or drink.
Your flesh is vulnerable to fire.
Your flesh is cold resistant.
You are immune to negative energy.
Your system is resistant to poisons.
You are immune to unholy pain and torment.
You can survive without breathing.


Message History

Wear which item? (? for menu, Esc to quit)
The orc wizard closely misses you.
Keep equipping yourself?
You start putting on your armour.
You continue putting on your large shield.
The orc wizard hits you with a dagger of venom.
* * * LOW HITPOINT WARNING * * *
You continue putting on your large shield.
The orc wizard completely misses you.
You continue putting on your large shield.
The orc wizard hits you but does no damage.
You continue putting on your large shield.
The orc wizard hits you with a dagger of venom.
* * * LOW HITPOINT WARNING * * *
You finish putting on your cursed +0 large shield.
Oops, that feels deathly cold.
You closely miss the orc wizard.
The orc wizard is severely wounded.
The orc wizard hits you with a dagger of venom.
You die...

### .. ##.# ._.# ##..#
.....#### ##<..#
#...#..#### ###....#
..#.....#
..'....+#######†.....####
###.........#...g........
##.......#####o#######.
##....[## #@# ##...## #.#
##'## #.# ##### #.# #.#
....###.##### #.#
............# #.#######.
.##.#....##.####.........
.##.#.............#######
..#.#....##.#######


You could see an orc wizard (mute) and a hobgoblin (blind).

Vanquished Creatures
  An adder (D:2)
  A giant mite (D:1)
  2 giant geckos (D:1)
  3 bats (D:1)
  2 hobgoblins
  3 giant cockroaches
  2 giant newts (D:1)
  5 goblins (D:1)
  A kobold (D:1)
  3 rats (D:1)
23 creatures vanquished.

Notes
Turn   | Place    | Note
--------------------------------------------------------------
     0 | D:1      | Chiseanne, the Mummy Wizard, began the quest for the Orb.
     0 | D:1      | Reached XP level 1. HP: 13/13 MP: 4/4
   381 | D:1      | Reached XP level 2. HP: 19/19 MP: 1/6
   385 | D:1      | Learned a level 2 spell: Blink
   388 | D:1      | Learned a level 2 spell: Repel Missiles
   391 | D:1      | Learned a level 2 spell: Call Imp
   944 | D:1      | Reached skill level 1 in Conjurations
  1605 | D:2      | Reached skill level 4 in Spellcasting
  1605 | D:2      | Reached XP level 3. HP: 17/24 MP: 0/9
  1757 | D:2      | Learned a level 3 spell: Conjure Flame
  1824 | D:2      | Found a sacrificial altar of Ru.
  1846 | D:2      | Slain by an orc wizard

Action                   || total
-------------------------++-------
Melee: Short sword       ||     7
 Cast: Magic Dart        ||    62
       Repel Missiles    ||     1
  Use: Scroll            ||     1
